 Dungeon Crawl Stone Soup version 0.24.0-125-gc4c63601f3 (webtiles) character file.

Game seed: 5473310487012306396, levelgen mode: deterministic

66429 daechemwoya the Spear-Bearer (level 15, -4/100 HPs)
             Began as an Octopode Fighter on Mar 20, 2020.
             Was the Champion of Fedhas.
             Slain by an alligator (27 damage)
             ... led by an alligator
             ... on level 1 of the Swamp.
             The game lasted 02:34:58 (31177 turns).

daechemwoya the Spear-Bearer (Octopode Fighter)    Turns: 31177, Time: 02:34:59

Health: -4/100     AC:  3    Str: 17    XL:     15   Next: 19%
Magic:  12/22      EV: 20    Int: 15    God:    Fedhas [******]
Gold:   1795       SH: 16    Dex: 20    Spells: 6/24 levels left

rFire    . . .     SeeInvis .   a - +9 trident (vamp)
rCold    . . .     Gourm    .   I - +3 shield
rNeg     . . .     Faith    +   W - +2 hat {MR+}
rPois    +         Spirit   .   m - amulet of faith
rElec    .         Reflect  .   f - ring of poison resistance
rCorr    .         Harm     .   p - ring of wizardry
MR       ++...                  Z - +6 ring of dexterity
Stlth    ++++......             (no ring)
HPRegen  0.26/turn              (no ring)
MPRegen  0.18/turn              (no ring)
                                (no ring)
                                (no ring)

@: very slightly contaminated, studying Shields
A: almost no armour, stealthy swim, amphibious, 8 rings, constrict 8, tentacle
spike 1, camouflage 1, clever 1, gelatinous body 1
a: Wall of Briars, Grow Ballistomycete, Overgrow, Grow Oklob, Renounce Religion


You were on level 1 of the Swamp.
You worshipped Fedhas.
Fedhas was exalted by your worship.
You were hungry.

You visited 5 branches of the dungeon, and saw 23 of its levels.
You also visited: Bailey.

You collected 1795 gold pieces.

Inventory:

Hand Weapons
 a - a +9 vampiric trident (weapon)
 b - a +6 spear of venom
 L - a +0 broad axe
 Q - a +0 war axe
 R - a +3 war axe
 S - a +2 trident of flaming
Missiles
 e - 24 poisoned darts (quivered)
 t - 12 javelins
 v - a throwing net
 F - 9 curare-tipped darts
 K - 19 boomerangs
 N - 8 silver boomerangs
Armour
 I - a +3 shield (worn)
 W - a +2 hat of magic resistance (worn)
Jewellery
 f - a ring of poison resistance (left tentacle)
 m - an amulet of faith (around mantle)
 p - a ring of wizardry (right tentacle)
 T - a +5 amulet of reflection
 Z - a +6 ring of dexterity (on tentacle)
Wands
 c - a wand of flame (31)
 g - a wand of disintegration (9)
 q - a wand of polymorph (16)
 y - a wand of enslavement (14)
 C - a wand of digging (20)
 E - a wand of random effects (35)
 P - a wand of paralysis (5)
Scrolls
 i - 2 scrolls of immolation
 j - 7 scrolls of remove curse
 k - 3 scrolls of magic mapping
 l - 5 scrolls of enchant armour
 n - 2 scrolls of fog
 z - 6 scrolls of teleportation
 M - 2 scrolls of identify
 O - a scroll of enchant weapon
 U - 2 scrolls of silence
 X - a scroll of amnesia
Potions
 h - 7 potions of curing
 o - 3 potions of agility
 r - 3 potions of invisibility
 u - a potion of brilliance
 w - 2 potions of magic
 x - 3 potions of flight
 A - 4 potions of might
 D - 5 potions of lignification
 G - a potion of cancellation
 H - a potion of berserk rage
 V - a potion of haste
Books
 J - a manual of Shields
Comestibles
 d - 40 rations
 s - 10 chunks of flesh


   Skills:
 + Level 8.5 Fighting
 - Level 6.8(11.1) Axes
 - Level 13.4(14.0) Polearms
 - Level 8.5 Throwing
 - Level 9.0 Dodging
 - Level 3.5 Stealth
 * Level 12.2 Shields
 * Level 5.1 Spellcasting
 * Level 2.5 Hexes
 - Level 4.2 Charms
 * Level 2.8 Necromancy
 - Level 3.1 Transmutations
 * Level 5.6 Air Magic
 - Level 3.0 Earth Magic
 * Level 9.0 Invocations
 - Level 2.0 Evocations


You had 6 spell levels left.
You knew the following spells:

 Your Spells              Type           Power        Failure   Level  Hunger
a - Swiftness             Chrm/Air       ###.....     1%          2    ##.....
b - Passwall              Tmut/Erth      ##......     4%          2    ##.....
c - Airstrike             Air            ###.......   9%          4    ####...
d - Animate Skeleton      Necr           N/A          2%          1    None
e - Regeneration          Chrm/Necr      ##........   6%          3    ###....
f - Apportation           Tloc           #.....       9%          1    None
g - Spectral Weapon       Hex/Chrm       ##......     7%          3    ###....
h - Song of Slaying       Chrm           ###.....     2%          2    ##.....

Your spell library contained the following spells:

 Spells                   Type           Power        Failure   Level  Hunger
 Infusion                 Chrm           ###.         1%          1    None
 Sandblast                Erth           ##....       2%          1    None
 Shock                    Conj/Air       ##..         2%          1    None
 Confusing Touch          Hex            ##....       3%          1    None
 Corona                   Hex            ##.....      3%          1    None
 Shroud of Golubria       Chrm/Tloc      ##....       6%          2    ##.....
 Summon Butterflies       Summ           #.......     9%          1    None
 Summon Small Mammal      Summ           #...         9%          1    None
 Ensorcelled Hibernation  Hex/Ice        #.....       9%          2    ##.....
 Static Discharge         Conj/Air       ##......     9%          3    ###....
 Confuse                  Hex            ##......     10%         3    ###....
 Tukima's Dance           Hex            ##......     10%         3    ###....
 Dazzling Spray           Conj/Hex       #.....       16%         3    ###....
 Stone Arrow              Conj/Erth      #.....       16%         3    ###....
 Call Canine Familiar     Summ           #.......     26%         3    ###....
 Petrify                  Tmut/Erth      ##......     26%         4    ####...
 Lee's Rapid Deconstruct  Erth           ##........   54%         5    ######.
 Lightning Bolt           Conj/Air       ##........   58%         5    ######.
 Summon Ice Beast         Ice/Summ       #.......     63%         4    ####...
 Summon Mana Viper        Hex/Summ       #.......     80%         5    ######.
 Summon Hydra             Summ           #.........   100%        7    #######


Dungeon Overview and Level Annotations

Branches:
Dungeon (14/15)            Temple (1/1) D:4            Lair (6/6) D:11
  Swamp (1/4) Lair:3        Snake (0/4) Lair:2        Slime (0/5) Lair:6
    Orc (1/2) D:10         Bailey (visited)
 Vaults: D:13-14

Altars:
Ashenzari
Cheibriados
Dithmenos
Elyvilon
Fedhas
Gozag
Hepliaklqana
Kikubaaqudgha
Makhleb
Nemelex Xobeh
Okawaru
Qazlal
Ru
Sif Muna
Trog
Uskayaw
Vehumet
Wu Jian
Xom
Yredelemnul
Zin
The Shining One
Beogh

Shops:
D:13 }

Annotations:
D:2 exclusion: downstairs
D:3 Sigmund
D:4 exclusion: downstairs
D:5 exclusion: downstairs
D:7 1 runed translucent door, Crazy Yiuf
D:8 exclusion: hungry ghost
D:9 exclusion: 2 doors
D:12 exclusion: downstairs
Lair:1 exclusion: downstairs
Lair:2 exclusion: 2 downstairs


Innate Abilities, Weirdness & Mutations

You cannot wear most types of armour.
You are very stealthy in the water. (Stealth+)
You are amphibious.
You can wear up to eight rings at the same time.
You can use your tentacles to constrict eight enemies at once.
Your skin changes colour to match your surroundings (Stealth+).
Your rubbery body absorbs attacks. (AC +1, EV +1)
One of your tentacles bears a spike.
Your mind is acute. (Int +2)


Message History

Attack whom?
Press: ? - help, Dir - move target cursor, f/p - alligator
Aim: an alligator (heavily wounded, covering ground quickly)
You could not reach far enough!
The alligator bites your briar patch!
The alligator tail-slaps your briar patch!
Attack whom?
Press: ? - help, Dir - move target cursor, f/p - alligator
Aim: an alligator (heavily wounded, covering ground quickly)
You reach to attack!
You puncture the alligator!
You feel better.
The alligator is heavily wounded.
The alligator bites your briar patch.
The alligator tail-slaps your briar patch!
Your briar patch is destroyed!
Attack whom?
Press: ? - help, Dir - move target cursor, f/p - alligator
Aim: an alligator (heavily wounded, covering ground quickly)
You could not reach far enough!
You walk carefully through the plants.
The alligator bites you!!
You die...
Fedhas appreciates your contribution to the ecosystem.

.♣≈.. ≈..≈≈≈ §♣≈..♣. ≈...≈
≈...... ...≈ ...≈≈.♣ ...
..≈≈≈≈♣♣ ♣♣♣♣..
..≈≈≈≈.♣♣♣♣♣.≈.≈♣
≈(.....♣..♣.≈≈≈P♣♣♣♣♣
≈.......≈≈..≈.PtP...♣♣
≈.≈≈≈≈≈§≈≈..≈≈PP@≈≈.≈♣♣
≈≈...≈≈≈≈≈≈≈≈≈≈≈.≈...≈♣♣♣.
≈≈♣≈.≈≈≈≈≈≈≈≈≈≈≈≈≈≈[.....≈
≈..≈.≈≈≈.≈≈≈≈≈≈≈≈..≈♣.§≈≈≈
≈..♣..≈≈≈≈≈♣♣♣≈≈≈≈.≈.≈≈≈≈≈
♣♣≈.≈≈≈≈≈≈≈≈♣♣≈≈≈..♣.§≈≈≈≈
♣≈.≈≈≈≈≈.≈≈≈≈≈≈≈.♣♣.≈≈§≈≈
..♣..≈..♣♣♣..≈≈≈§≈..≈≈≈≈≈>
≈.♣..≈≈.♣♣♣♣.≈..♣♣≈≈.≈≈≈≈≈


You could see an alligator.

Vanquished Creatures
  Gastronok (Lair:2)
  Josephine (Lair:4)
  5 hydras
  3 centaur warriors (D:13)
  5 catoblepae
  3 two-headed ogres
  An alligator (Swamp:1)
  5 death yaks
  A glowing orange brain (D:13)
  An orc knight (Orc:1)
  A lindwurm (Lair:6)
  5 ugly things
  3 manticores
  A deep elf mage (D:13)
  3 cyclopes
  2 black mambas (Lair:6)
  6 elephants
  2 gargoyles
  11 spiny frogs
  A torpor snail (Lair:4)
  3 kobold demonologists (D:12)
  4 centaur skeletons
  A komodo dragon (Lair:3)
  4 rime drakes
  7 trolls
  3 hornets (Swamp:1)
  4 tyrant leeches
  A meliai (shapeshifter) (D:13)
  5 slime creatures
  22 blink frogs
  4 dream sheep (Lair:6)
  6 hippogriffs
  4 wraiths
  3 spriggans (Swamp:1)
  A spriggan (shapeshifter) (D:13)
  2 shadows
  4 wyverns
  47 yaks
  A basilisk (Lair:1)
  5 vampire mosquitoes (D:13)
  Menkaure (D:7)
  A warg (D:10)
  4 nagas (Lair:2)
  4 swamp worms
  Duvessa (D:4)
  7 porcupines
  5 water moccasins
  30 orc warriors
  A phantom (D:6)
  A swamp drake (Swamp:1)
  6 sky beasts
  A black bear (D:11)
  3 ice beasts
  6 wolves (Lair:1)
  6 ogres
  10 crocodiles
  14 centaurs
  4 big kobolds
  Blork the orc (D:6)
  16 bullfrogs
  2 gnoll sergeants
  Dowan (D:4)
  A wyvern skeleton (D:10)
  6 scorpions
  4 killer bees (D:7)
  9 wights (D:10)
  An electric eel (Lair:6)
  A howler monkey (D:6)
  8 crimson imps
  3 bullfrog zombies
  3 quasits
  9 orc priests
  7 hounds
  A bullfrog skeleton (D:13)
  7 jellies
  15 orc wizards
  5 iguanas
  Ijyb (D:3)
  3 worker ants
  A bullfrog simulacrum (D:13)
  A worker ant zombie (D:11)
  6 gnolls
  A howler monkey skeleton (D:11)
  16 adders
  A shadow imp (D:9)
  3 oozes
  An adder skeleton (D:7)
  4 worms
  A dart slug (D:2)
  6 leopard geckos
  95 orcs
  4 giant cockroaches
  21 goblins
  12 hobgoblins
  11 jackals
  4 quokkas
  A ball python (D:1)
  A ball python skeleton (D:4)
  11 bats
  6 frilled lizards
  23 kobolds
  A quokka skeleton (D:4)
  7 rats
  2 ballistomycete spores
  A plant (D:2)
642 creatures vanquished.

Vanquished Creatures (collateral kills)
  A death yak (Lair:6)
  An unseen horror (D:14)
  A manticore (Lair:6)
  A rime drake (Lair:6)
  3 yaks (Lair:6)
  A vampire mosquito (D:13)
  A bullfrog (Lair:3)
  26 ballistomycete spores
35 creatures vanquished.

Vanquished Creatures (others)
  A black mamba (Lair:3)
  A slime creature (Swamp:1)
  A swamp drake (Swamp:1)
  A centaur (D:13)
  2 ballistomycete spores
  11 fungi
  22 plants
  3 spectral weapons
42 creatures vanquished.

Grand Total: 719 creatures vanquished

Notes
Turn   | Place    | Note
-------+----------+-------------------------------------------
     0 | D:1      | daechemwoya the Octopode Fighter began the quest for the
                  | Orb.
     0 | D:1      | Reached XP level 1. HP: 16/16 MP: 1/1
   183 | D:1      | Reached XP level 2. HP: 20/21 MP: 2/2
   189 | D:1      | Reached skill level 1 in Stealth
   503 | D:1      | Reached XP level 3. HP: 21/26 MP: 3/3
   804 | D:2      | HP: 1/26 [jackal (2)]
  1083 | D:2      | Reached XP level 4. HP: 32/32 MP: 4/4
  1379 | D:2      | Noticed an ogre
  1767 | D:2      | Killed an ogre
  1767 | D:2      | Reached XP level 5. HP: 37/37 MP: 5/5
  2080 | D:3      | Noticed Ijyb
  2415 | D:3      | Reached XP level 6. HP: 38/43 MP: 6/6
  2430 | D:3      | Noticed Sigmund
  2557 | D:3      | Found an iron altar of Okawaru.
  2769 | D:3      | Killed Ijyb
  2769 | D:3      | Reached skill level 1 in Throwing
  3520 | D:4      | Noticed Dowan
  3550 | D:4      | Reached skill level 5 in Axes
  3553 | D:4      | Noticed Duvessa
  3566 | D:4      | Killed Duvessa
  3566 | D:4      | Reached XP level 7. HP: 22/49 MP: 7/7
  3843 | D:4      | Found a staircase to the Ecumenical Temple.
  3858 | Temple   | Entered the Ecumenical Temple
  3992 | Temple   | Became a worshipper of Fedhas Madash
  4385 | D:4      | Killed Dowan
  4500 | D:5      | Entered Level 5 of the Dungeon
  4806 | D:5      | Found a shimmering blue altar of Sif Muna.
  4998 | D:5      | Reached skill level 1 in Evocations
  5074 | D:5      | Reached XP level 8. HP: 38/54 MP: 8/8
  5706 | D:5      | Found a shimmering blue altar of Sif Muna.
  6288 | D:6      | Reached skill level 5 in Fighting
  6592 | D:6      | Found a glowing silver altar of Zin.
  7078 | D:6      | Reached * piety under Fedhas
  7115 | D:6      | Reached skill level 1 in Polearms
  7245 | D:5      | Reached skill level 2 in Polearms
  7245 | D:5      | Reached skill level 5 in Dodging
  7245 | D:5      | Reached XP level 9. HP: 11/61 MP: 10/10
  7567 | D:6      | Noticed Blork the orc
  7743 | D:6      | Reached skill level 5 in Shields
  7989 | D:6      | Found an ancient bone altar of Kikubaaqudgha.
  8011 | D:6      | Killed Blork the orc
  8011 | D:6      | Reached skill level 3 in Polearms
  8284 | D:7      | Noticed Menkaure
  8293 | D:7      | Killed Menkaure
  8389 | D:7      | Found a flagged portal.
  8393 | D:7      | Reached ** piety under Fedhas
  8545 | Bailey   | Entered a bailey
  8561 | Bailey   | Reached skill level 4 in Polearms
  8796 | Bailey   | Reached skill level 1 in Invocations
  8867 | Bailey   | Reached skill level 5 in Throwing
  9258 | Bailey   | Reached XP level 10. HP: 23/68 MP: 11/11
 10681 | Bailey   | Reached *** piety under Fedhas
 11078 | D:7      | Found a sparkling altar of Nemelex Xobeh.
 11157 | D:7      | Found a runed translucent door.
 11158 | D:7      | Noticed Crazy Yiuf
 11586 | D:8      | Noticed a manticore
 11615 | D:8      | Killed a manticore
 11615 | D:8      | Reached skill level 5 in Polearms
 12655 | D:9      | Reached skill level 6 in Polearms
 13487 | D:9      | Found a hazy altar of Hepliaklqana.
 13513 | D:9      | Noticed a two-headed ogre
 13572 | D:9      | Killed a two-headed ogre
 13572 | D:9      | Reached skill level 7 in Polearms
 13572 | D:9      | Reached XP level 11. HP: 30/72 MP: 14/14
 14153 | D:10     | Entered Level 10 of the Dungeon
 15046 | D:10     | Found a staircase to the Orcish Mines.
 15137 | D:10     | Reached **** piety under Fedhas
 15356 | D:10     | Reached skill level 8 in Polearms
 15356 | D:10     | Reached skill level 5 in Invocations
 16055 | Orc:1    | Entered Level 1 of the Orcish Mines
 16055 | Orc:1    | Noticed an orc knight
 16483 | D:11     | Noticed a manticore
 16514 | D:11     | Killed a manticore
 16615 | D:11     | Noticed a red ugly thing
 16624 | D:11     | Killed a red ugly thing
 16877 | D:11     | Reached ***** piety under Fedhas
 17056 | D:11     | Found a staircase to the Lair.
 17389 | D:11     | Reached skill level 9 in Polearms
 17540 | D:11     | Reached XP level 12. HP: 75/80 MP: 16/16
 17601 | D:11     | Found a roughly hewn altar of Beogh.
 18161 | D:12     | Reached skill level 10 in Polearms
 18291 | D:12     | Noticed a two-headed ogre
 18303 | D:12     | Killed a two-headed ogre
 18619 | D:12     | Learned a level 2 spell: Swiftness
 19561 | D:12     | Learned a level 2 spell: Passwall
 19595 | D:13     | Noticed a catoblepas
 19595 | D:13     | Noticed a centaur warrior
 19616 | D:12     | Killed a catoblepas
 19806 | D:13     | Reached skill level 1 in Charms
 19806 | D:13     | Reached skill level 1 in Air Magic
 19972 | D:13     | Killed a centaur warrior
 19972 | D:13     | Reached skill level 1 in Spellcasting
 19972 | D:13     | Reached skill level 1 in Transmutations
 20112 | D:13     | Noticed a tengu warrior
 20288 | D:13     | Reached skill level 1 in Earth Magic
 20420 | D:13     | Reached skill level 11 in Polearms
 20444 | D:13     | Noticed a centaur warrior
 20459 | D:13     | Killed a centaur warrior
 20459 | D:13     | Reached XP level 13. HP: 24/86 MP: 14/18
 20493 | D:13     | Reached skill level 10 in Shields
 20882 | D:13     | Learned a level 4 spell: Airstrike
 21372 | D:13     | Found Nadiux's Gadget Emporium.
 22572 | D:14     | Noticed a rakshasa
 22907 | Lair:1   | Entered Level 1 of the Lair of Beasts
 23214 | Lair:1   | Reached ****** piety under Fedhas
 24345 | Lair:2   | Reached skill level 12 in Polearms
 24384 | Lair:2   | Noticed Gastronok
 24408 | Lair:2   | Killed Gastronok
 24709 | Lair:2   | Found a staircase to the Snake Pit.
 25442 | Lair:3   | Reached XP level 14. HP: 93/93 MP: 19/19
 25853 | Lair:3   | You fall into a shaft and drop 1 floor!
 25973 | Lair:3   | Found an ancient bone altar of Kikubaaqudgha.
 26206 | Lair:3   | Found a staircase to the Swamp.
 26854 | Lair:4   | Noticed Josephine
 26869 | Lair:4   | Killed Josephine
 27219 | Lair:4   | Reached skill level 13 in Polearms
 28534 | Lair:6   | Entered Level 6 of the Lair of Beasts
 28569 | Lair:6   | Gained mutation: Scrolls take you a little longer to read.
                  | [potion of mutation]
 28569 | Lair:6   | Gained mutation: You have very sharp teeth. [potion of
                  | mutation]
 28570 | Lair:6   | Lost mutation: Scrolls take you a little longer to read.
                  | [potion of mutation]
 28570 | Lair:6   | Lost mutation: You have very sharp teeth. [potion of
                  | mutation]
 28570 | Lair:6   | Gained mutation: One of your tentacles bears a spike.
                  | [potion of mutation]
 28570 | Lair:6   | Gained mutation: Your mind is acute. (Int +2) [potion of
                  | mutation]
 28573 | Lair:6   | Learned a level 1 spell: Animate Skeleton
 28577 | Lair:6   | Learned a level 3 spell: Regeneration
 28918 | Lair:6   | Learned a level 1 spell: Apportation
 28922 | Lair:6   | Learned a level 3 spell: Spectral Weapon
 28949 | Lair:6   | Found a staircase to the Slime Pits.
 29060 | Lair:6   | Reached skill level 1 in Necromancy
 29342 | Lair:6   | Reached skill level 1 in Hexes
 29405 | Lair:6   | Reached skill level 5 in Air Magic
 29484 | Lair:6   | Reached XP level 15. HP: 100/100 MP: 7/21
 30165 | Orc:1    | Noticed an orc warlord
 30816 | Swamp:1  | Entered Level 1 of the Swamp
 30816 | Swamp:1  | Noticed a thorn hunter
 30975 | Swamp:1  | Learned a level 2 spell: Song of Slaying
 30991 | Swamp:1  | Reached skill level 5 in Spellcasting
 31177 | Swamp:1  | Slain by an alligator

Levels and vault maps discovered:
D:1:      minmay_arrival_diagonal_passages, layout_loops_ring
D:2:      layout_loops_cross, serial_bayou, serial_bayou_pond_e,
          serial_bayou_shore_b, serial_bayou_lake_a, serial_bayou_pond_d,
          grunt_ministairs_8
D:3:      layout_rooms, kennysheep_okawaru_gauntlet, first_ration,
          kennysheep_generic_room_9, uniq_ijyb, uniq_sigmund
D:4:      layout_basic, minmay_temple_entry_overgrown, uniq_duvessa
D:5:      layout_gridville, nicolae_overflow_crystal_walls
D:6:      layout_cave_pools, kennysheep_little_box, lemuel_crystal_altar,
          chequers_garden, uniq_blork_the_orc
D:7:      layout_loops_ring, nemelex_xobeh_ov_fountains_minmay, enter_bailey_3,
          uniq_crazy_yiuf_cottage, uniq_menkaure
D:8:      layout_basic
D:9:      layout_basic, old_standard_altar, blue_anna_alchemist
          [blue_anna_fruit_fields, blue_anna_fruit_fields]
D:10:     layout_long_grid, erik_orc_3, hangedman_abyss_or_decor_slice,
          nrook_mini_backslash
D:11:     layout_loops_ring, lair_entry_dummy, special_room [special_room_orc]
D:12:     layout_basic, gauntlet_entry_generic
D:13:     minmay_slanted_spiral_squares, layout_cave_pods, david_vaults_5,
          serial_shops, kennysheep_mini
D:14:     layout_basic, hangedman_decor_growths
Temple:   nicolae_temple_elliptical
Lair:1:   layout_cave_shapes
Lair:2:   layout_gridlike, minmay_snake_entry_guardpost_medium, uniq_gastronok
Lair:3:   layout_concentric_octagons, minmay_swamp_entry_worms,
          lemuel_oklob_altar
Lair:4:   layout_regular_city, ldierk_geyser, minivault_25, st_stairs_4,
          uniq_josephine
Lair:5:   layout_regular_city
Lair:6:   evilmike_catoblepas_cave, layout_cave_shapes, slime_dummy,
          grunt_forest_stairs_basic, serial_bayou_lagoon_b
Swamp:1:  layout_basic_swamp, evilmike_swamp_ruin_house_2,
          infiniplex_staircase_pool_2
Orc:1:    giant_chief_lemuel, layout_caves, nicolae_orc_lava_tube

Skill      XL: |  1  2  3  4  5  6  7  8  9 10 11 12 13 14 15 |
---------------+----------------------------------------------+-----
Stealth        | 1 2 3 |  3.5
Axes           | 4 5 6 |  6.8
Fighting       | 4 5 6 7 8 |  8.5
Throwing       | 1 2 3 5 7 8 |  8.5
Dodging        | 4 5 6 7 8 9 |  9.0
Evocations     | 1 2 |  2.0
Shields        | 4 5 6 8 9 10 12 | 12.2
Polearms       | 2 4 7 9 11 12 13 | 13.4
Invocations    | 2 4 5 7 8 9 |  9.0
Charms         | 1 3 4 |  4.2
Air Magic      | 1 3 5 |  5.6
Spellcasting   | 1 2 4 5 |  5.1
Transmutations | 1 3 |  3.1
Earth Magic    | 1 3 |  3.0
Necromancy     | 2 |  2.8
Hexes          | 1 2 |  2.5

Action                   |  1- 3 |  4- 6 |  7- 9 | 10-12 | 13-15 || total
-------------------------+-------+-------+-------+-------+-------++-------
Melee: War axe           |    60 |   115 |    56 |       |       ||   231
       Constrict         |    10 |    35 |    34 |    85 |    51 ||   215
       Tentacles         |    11 |    21 |    24 |   140 |   143 ||   339
       Spear             |       |       |   167 |   505 |    37 ||   709
       Trident           |       |       |       |   252 |   687 ||   939
       Kick              |       |       |       |       |    83 ||    83
Throw: Dart              |       |    29 |    69 |   193 |   185 ||   476
       Boomerang         |       |       |    56 |    25 |    57 ||   138
       Javelin           |       |       |       |     8 |    28 ||    36
 Cast: Animate Skeleton  |       |       |       |       |    19 ||    19
       Spectral Weapon   |       |       |       |       |     9 ||     9
       Airstrike         |       |       |       |       |     9 ||     9
       Song of Slaying   |       |       |       |       |     1 ||     1
Invok: Wall of Briars    |       |       |       |     1 |     5 ||     6
       Grow Ballistomyce |       |       |       |     2 |     4 ||     6
Evoke: Wand              |       |       |       |     4 |    13 ||    17
  Use: Potion            |     2 |     1 |     2 |     2 |     4 ||    11
       Scroll            |       |       |    14 |    18 |    19 ||    51
 Stab: Sleeping          |    14 |     9 |    10 |    14 |     7 ||    54
       Distracted        |       |       |       |     4 |     2 ||     6
       Paralysed         |       |       |       |     5 |       ||     5
       Confused          |       |       |       |       |     2 ||     2
       Petrified         |       |       |       |       |     3 ||     3
  Eat: Chunk             |       |     8 |    26 |    26 |    35 ||    95
       Ration            |       |       |     1 |     1 |     1 ||     3
Armor: Skin              |     5 |     5 |     8 |     4 |     9 ||    31
Dodge: Dodged            |    29 |    41 |    64 |   178 |   161 ||   473
Block: Shield            |    26 |    47 |    79 |   214 |   234 ||   600
